 Dungeon Crawl Stone Soup version 0.29.1-4-g47bece8355 (webtiles) character file.

Game seed: 5118834512837969343

17490 motorez the Covert (level 12, -7/60 HPs)
             Began as a Spriggan Conjurer on Nov 30, 2022.
             Mangled by a boulder beetle (25 damage)
             ... on level 12 of the Dungeon on Dec 2, 2022.
             The game lasted 03:11:32 (27895 turns).

motorez the Covert (Spriggan Conjurer)             Turns: 27895, Time: 03:11:33

Health: -7/60      AC:  5    Str:  9    XL:     12   Next: 19%
Magic:  14/25      EV: 20    Int: 34    God:
Gold:   845        SH:  8    Dex: 14    Spells: 16/28 levels left

rFire   . . .      SeeInvis +   s - +8 long sword of Valiance {pain, Fragile rN++ Int+4}
rCold   + . .      Faith    .   o - +3 buckler
rNeg    + + .      Spirit   .   v - +2 robe {rC+}
rPois   .          Reflect  .   K - +1 hat
rElec   .          Harm     .   l - scarf {+Inv}
rCorr   .          Rampage  .   (gloves unavailable)
Will    ++...                   (boots unavailable)
Stlth   +++++.....              (no amulet)
HPRegen 0.20/turn               e - +6 ring of intelligence
MPRegen 0.19/turn               D - +6 ring of strength

@: very quick
A: very small, no large weapons, unfitting armour, see invisible, speed 3
a: Evoke Invisibility


You were on level 12 of the Dungeon.
You visited 2 branches of the dungeon, and saw 13 of its levels.
You also visited: Ossuary.

You collected 845 gold pieces.

Inventory:

Hand Weapons
 s - the +8 long sword of Valiance (weapon) {pain, Fragile rN++ Int+4}
   (You found it on level 8 of the Dungeon)

   In the hands of one skilled in necromantic magic, it inflicts extra damage on
   living creatures.
   Int:       It affects your intelligence (+4).
   rN:        It greatly protects you from negative energy.
   Fragile:   It will be destroyed if unequipped.
Armour
 l - a scarf of invisibility (worn)
 o - a +3 buckler (worn)
 v - a +2 robe of cold resistance (worn)
 K - a +1 hat (worn)
Jewellery
 e - a +6 ring of intelligence (left hand)
 u - a ring of positive energy
 D - a +6 ring of strength (right hand)
 F - a ring of protection from fire
 I - an amulet of guardian spirit
 J - a +4 ring of evasion
Wands
 x - a wand of paralysis (7)
 z - a wand of flame (6)
 L - a wand of polymorph (3)
Scrolls
 f - 3 scrolls of fear
 i - a scroll of fog
 p - a scroll of acquirement {unknown}
 q - 4 scrolls of amnesia
 y - a scroll of immolation {unknown}
 A - 4 scrolls of torment
 C - 2 scrolls of enchant armour
 E - 2 scrolls of magic mapping {unknown}
 G - a scroll of teleportation
Potions
 a - 3 potions of cancellation
 b - a potion of magic
 c - 4 potions of mutation
 d - 4 potions of attraction
 g - a potion of lignification {unknown}
 h - a potion of invisibility {unknown}
 j - a potion of resistance {unknown}
 k - 3 potions of might
 m - 5 potions of flight
 n - 5 potions of curing
 r - a potion of berserk rage {unknown}
 t - a potion of haste {unknown}
 w - 2 potions of brilliance {unknown}
 B - 2 potions of degeneration {unknown}
 H - a potion of heal wounds {unknown}


   Skills:
 + Level 5.5 Fighting
 - Level 0.2 Short Blades
 + Level 5.1 Armour
 + Level 9.4 Dodging
 + Level 11.0 Stealth
 + Level 8.7 Spellcasting
 + Level 6.2 Conjurations
 + Level 4.1 Summonings
 + Level 5.5 Fire Magic
 + Level 4.6 Air Magic
 + Level 5.0 Poison Magic


You had 16 spell levels left.
You knew the following spells:

 Your Spells              Type           Power      Damage    Failure   Level
a - Magic Dart            Conj           100%       1d8       1%          1
b - Scorch                Fire           100%       2d10      1%          2
c - Searing Ray           Conj           100%       2d8       1%          2
d - Flame Wave            Conj/Fire      53%        2d13      6%          4
e - Mephitic Cloud        Conj/Pois/Air  50%        N/A       2%          3

Your spell library contained the following spells:

 Spells                   Type           Power      Damage    Failure   Level
 Summon Small Mammal      Summ           100%       N/A       1%          1
 Call Imp                 Summ           43%        N/A       1%          2
 Dazzling Flash           Conj/Hex       70%        N/A       5%          3
 Apportation              Tloc           28%        N/A       7%          1
 Freeze                   Ice            56%        1d7       7%          1
 Necrotise                Necr           56%        1d6       7%          1
 Fulminant Prism          Conj/Hex       17%        3d11      19%         4
 Hailstorm                Conj/Ice       35%        3d9       19%         4
 Iskenderun's Mystic Bla  Conj/Tloc      35%        2d8       19%         4
 Frozen Ramparts          Ice            28%        1d5       21%         3
 Portal Projectile        Hex/Tloc       28%        N/A       21%         3
 Tukima's Dance           Hex            14%        N/A       21%         3
 Ice Form                 Ice/Tmut       14%        N/A       54%         4
 Blade Hands              Tmut           7%         N/A       88%         5
 Summon Cactus Giant      Summ           21%        N/A       88%         6
 Simulacrum               Ice/Necr       7%         N/A       100%        6


Dungeon Overview and Level Annotations

Branches:
Dungeon (12/15)            Temple (0/1) D:4            Lair (1/5) D:11
    Orc (0/2) D:12        Ossuary (visited)

Altars:
Ashenzari
Dithmenos
Qazlal
Trog
Xom
Zin

Shops:
D:3 (   D:5 [   D:7 [   D:12 =


Innate Abilities, Weirdness & Mutations

You are very small and have problems with some larger weapons.
You are too small for most types of armour.
You have supernaturally acute eyesight. (SInv)
You cover ground extremely quickly. (Speed+++)


Message History

The boulder beetle curls into a ball and begins rolling!
Casting: Magic Dart (safe; 1% risk of failure)
Confirm with . or Enter, or press ? or * to list all spells.
Aiming: Magic Dart (safe; 1% risk of failure)
Press: ? - help, Shift-Dir - straight line, f/p - boulder beetle
Aim: a boulder beetle (lightly wounded, rolling, 100% to hit)
The magic dart hits the boulder beetle but does no damage.
The boulder beetle is lightly wounded.
Casting: Magic Dart (safe; 1% risk of failure)
Confirm with . or Enter, or press ? or * to list all spells.
Flames lash the boulder beetle.
The boulder beetle is lightly wounded.
The boulder beetle's fire resistance burns away.
Casting: Scorch (safe; 1% risk of failure)
Confirm with . or Enter, or press ? or * to list all spells.
Flames lash the boulder beetle but do no damage.
The boulder beetle closely misses you.
The boulder beetle stops rolling and uncurls.
Casting: Scorch (safe; 1% risk of failure)
Confirm with . or Enter, or press ? or * to list all spells.
Flames lash the boulder beetle.
The boulder beetle is burned terribly!
The boulder beetle is lightly wounded.
The boulder beetle misses you.
Casting: Scorch (safe; 1% risk of failure)
Confirm with . or Enter, or press ? or * to list all spells.
Flames lash the boulder beetle but do no damage.
The boulder beetle curls into a ball and begins rolling!
Casting: Scorch (safe; 1% risk of failure)
Confirm with . or Enter, or press ? or * to list all spells.
Flames lash the boulder beetle but do no damage.
The boulder beetle is no longer more vulnerable to fire.
The boulder beetle hits you!!!
Ouch! That really hurt!
* * * LOW HITPOINT WARNING * * *
The boulder beetle stops rolling and uncurls.
Aiming: Paralyse
Press: ? - help, Shift-Dir - straight line, f/p - boulder beetle
Aim: a boulder beetle (lightly wounded, chance to affect: 31%)
The boulder beetle easily resists.
The boulder beetle bites you!!
You die...

#>.....................)...).
###..........................
######.....).####'######........
.............#.........#.#######
.......###...#.........#.#
..###.#...#.)#........ #.#
##.....#.#........ #.#
#..∩..#.###'#######.#
#.....#...@B°°°.....#
##...#..............#
#####..............######
#)<..................
#....................
#....................
#....................
........######++#.... ##......#
....


You could see a boulder beetle.

Vanquished Creatures
  3 two-headed ogres
  Lodul (D:12)
  A deep elf pyromancer (D:12)
  A cyclops (D:12)
  A black mamba (Lair:1)
  A cane toad (Lair:1)
  A rime drake (Lair:1)
  2 kobold demonologists (D:11)
  2 komodo dragons (Lair:1)
  7 polar bears (Lair:1)
  A troll (D:11)
  2 hornets
  4 blink frogs (Lair:1)
  A shadow (D:10)
  2 vampires
  A wyvern (D:8)
  3 wraiths
  5 yaks
  A basilisk (D:11)
  2 steam dragons
  3 vampire mosquitoes
  Menkaure (D:6)
  An acid dragon (D:11)
  2 wargs (D:11)
  4 water moccasins
  8 orc warriors
  3 sky beasts
  8 black bears
  2 ice beasts
  A wolf (D:6)
  7 ogres
  3 centaurs
  2 kobold brigands
  Blork the orc (D:6)
  5 bullfrogs
  5 gnoll sergeants (D:7)
  A scorpion (D:3)
  4 wights
  17 killer bees
  3 electric eels (D:10)
  7 hounds
  6 orc priests
  5 gnoll boudas
  3 jellies
  3 iguanas
  12 orc wizards
  32 gnolls
  7 adders
  An ufetubus (D:5)
  5 dart slugs
  43 orcs
  6 endoplasms
  8 giant cockroaches
  8 goblins
  3 hobgoblins
  10 jackals
  13 kobolds
  A quokka (D:4)
  3 ball pythons
  5 bats
  8 frilled lizards
  A hobgoblin zombie (Ossuary)
  7 rats
320 creatures vanquished.

Vanquished Creatures (others)
  9 fungi (Lair:1)
  15 plants
24 creatures vanquished.

Grand Total: 344 creatures vanquished

Notes
Turn   | Place    | Note
-------+----------+-------------------------------------------
     0 | D:1      | motorez the Spriggan Conjurer began the quest for the Orb.
     0 | D:1      | Reached XP level 1. HP: 9/9 MP: 5/5
   467 | D:1      | Reached XP level 2. HP: 6/13 MP: 2/6
  2097 | D:2      | Reached XP level 3. HP: 16/16 MP: 4/8
  2106 | D:2      | Learned a level 2 spell: Scorch
  2849 | D:3      | Found a stormy altar of Qazlal.
  2988 | D:3      | Reached XP level 4. HP: 21/21 MP: 2/9
  3281 | D:3      | Found a faded altar of an unknown god.
  3481 | D:3      | Reached skill level 1 in Fighting
  3481 | D:3      | Reached skill level 4 in Stealth
  3987 | D:3      | Reached XP level 5. HP: 25/25 MP: 7/11
  4056 | D:3      | Found Fiorgh's Weapon Emporium.
  4373 | D:4      | Reached skill level 1 in Armour
  4395 | D:3      | Reached skill level 1 in Fire Magic
  4700 | D:4      | Noticed a hornet
  4785 | D:4      | Reached XP level 6. HP: 30/30 MP: 6/12
  4880 | D:4      | Found a shimmering altar of Xom.
  5085 | D:4      | Paralysed by a hornet for 3 turns
  5641 | D:5      | Entered Level 5 of the Dungeon
  5641 | D:5      | Found Fiuqy's Armour Shoppe.
  5926 | D:5      | Reached skill level 5 in Stealth
  6344 | D:5      | Found a broken altar of Ashenzari.
  6546 | D:5      | Learned a level 2 spell: Searing Ray
  6568 | D:5      | Reached XP level 7. HP: 30/34 MP: 8/14
  7064 | D:5      | Found a bloodstained altar of Trog.
  7866 | D:4      | Found a staircase to the Ecumenical Temple.
  8047 | D:4      | Paralysed by a hornet for 1 turns
  8613 | D:5      | Reached skill level 5 in Dodging
  9203 | D:6      | Noticed Blork the orc
  9216 | D:6      | Killed Blork the orc
  9647 | D:6      | Learned a level 2 spell: Call Imp
  9777 | D:6      | Reached skill level 6 in Stealth
  9972 | D:6      | Reached XP level 8. HP: 39/39 MP: 4/16
 10346 | D:6      | Noticed Menkaure
 10352 | D:6      | Killed Menkaure
 10353 | D:6      | Reached skill level 5 in Spellcasting
 10776 | D:6      | Learned a level 3 spell: Mephitic Cloud
 11590 | D:6      | Reached skill level 7 in Stealth
 12214 | D:6      | Reached XP level 9. HP: 38/44 MP: 1/18
 12348 | D:6      | Learned a level 4 spell: Flame Wave
 13001 | D:7      | Found Heinrich's Dragon-Slaying Spoils.
 13090 | D:7      | Found a shadowy altar of Dithmenos.
 13516 | D:7      | Reached skill level 1 in Poison Magic
 13770 | D:7      | Reached skill level 1 in Air Magic
 13787 | D:7      | Reached skill level 1 in Summonings
 14102 | D:7      | Reached skill level 8 in Stealth
 14765 | D:7      | Reached skill level 5 in Conjurations
 15496 | D:8      | Identified the +8 long sword of Valiance {pain, Fragile
                  | rN++ Int+4}
 16221 | D:8      | Noticed a two-headed ogre
 16234 | D:8      | Killed a two-headed ogre
 16235 | D:8      | Reached XP level 10. HP: 49/49 MP: 7/21
 16242 | D:8      | Found a sand-covered staircase.
 16247 | Ossuary  | Entered an ossuary
 17002 | D:8      | Reached skill level 9 in Stealth
 17562 | D:8      | Noticed a cyclops
 17570 | D:8      | HP: 1/51 [cyclops/large rock (37)]
 19016 | D:8      | Upgraded the game from 0.29.1-2-gbd0b4ee654 to
                  | 0.29.1-4-g47bece8355
 19360 | D:9      | Found a glowing silver altar of Zin.
 19488 | D:10     | Entered Level 10 of the Dungeon
 21878 | D:10     | Reached XP level 11. HP: 54/54 MP: 14/23
 22029 | D:11     | Noticed a two-headed ogre
 22048 | D:11     | Killed a two-headed ogre
 22698 | D:11     | Noticed a sixfirhy
 22913 | D:11     | Reached skill level 10 in Stealth
 23044 | D:11     | Found a staircase to the Lair.
 24202 | Lair:1   | Entered Level 1 of the Lair of Beasts
 24258 | Lair:1   | Reached skill level 5 in Fighting
 24604 | Lair:1   | Reached skill level 5 in Fire Magic
 26612 | D:12     | Noticed a deep elf pyromancer
 26716 | D:12     | Killed a deep elf pyromancer
 26880 | D:12     | Noticed Lodul
 26893 | D:12     | Killed Lodul
 26894 | D:12     | Reached skill level 5 in Armour
 26894 | D:12     | Reached XP level 12. HP: 44/60 MP: 10/25
 27703 | D:12     | Found Ysyroxt's One-of-a-Kind Rings.
 27705 | D:12     | Found a staircase to the Orcish Mines.
 27801 | D:12     | Noticed a two-headed ogre
 27814 | D:12     | Killed a two-headed ogre
 27815 | D:12     | Reached skill level 11 in Stealth
 27815 | D:12     | Reached skill level 5 in Poison Magic
 27877 | D:12     | Noticed a boulder beetle
 27895 | D:12     | Mangled by a boulder beetle

Illustrated notes

Levels and vault maps discovered:
D:1:      dpeg_arrival_tiny_c, layout_basic, minivault_14
D:2:      layout_rooms
D:3:      layout_basic, grunt_qazlal_sundering,
          shapermc_ecumenical_altar_totnotflames, serial_shops,
          nicolae_shop_trees
D:4:      layout_rooms, tgw_xom, minmay_temple_entry_statues, minmay_checkerbox
D:5:      layout_basic, trog_hazing_becter, lemuel_doored_altar,
          nicolae_stop_n_shop_1
D:6:      layout_basic, uniq_blork_the_orc, uniq_menkaure
D:7:      layout_cave_pools, nicolae_dithmenos_the_darkroom, serial_gnoll_camp,
          gnoll_camp_mini_hut, gnoll_camp_huts_basic, gnoll_camp_mini_hut,
          gnoll_camp_mini_house, gnoll_camp_medium_02, nicolae_shop_dragon_depot
D:8:      minmay_bloctagon, layout_basic, enter_ossuary_5,
          hangedman_decor_riveting
D:9:      layout_cave_pools, zin_scriptorium
D:10:     layout_stronghold, serial_column_ruins, column_ruins_hut,
          column_ruins_grid_1, column_ruins_grid_1, column_ruins_open_medium,
          hangedman_abyss_or_decor_passed, corexii_checkpoint_a,
          serial_bayou_ford_a
D:11:     layout_gridville, erik_lair_orcish_takeover
D:12:     layout_irregular_city, orc_0_dummy, nicolae_shop_unique_rings,
          hangedman_feature_mirror, uniq_lodul
Lair:1:   beast_lair_carwin_large_4, layout_layer_cave

Skill      XL: |  1  2  3  4  5  6  7  8  9 10 11 12 |
---------------+-------------------------------------+-----
Conjurations   | 3 4 5 6 |  6.2
Dodging        | 3 4 5 6 7 8 9 |  9.4
Spellcasting   | 3 4 5 6 7 8 |  8.7
Fighting       | 1 2 3 4 5 |  5.5
Stealth        | 4 5 6 7 8 9 10 11 | 11.0
Armour         | 1 2 3 4 5 |  5.1
Fire Magic     | 1 2 3 4 5 |  5.5
Poison Magic   | 2 3 4 5 |  5.0
Air Magic      | 2 3 4 |  4.6
Summonings     | 2 3 4 |  4.1
Short Blades   | |  0.2

Action                   |  1- 3 |  4- 6 |  7- 9 | 10-12 || total
-------------------------+-------+-------+-------+-------++-------
Melee: Unarmed           |    13 |       |       |       ||    13
       Dagger            |     7 |       |       |       ||     7
       Short sword       |       |       |     6 |     6 ||    12
       Long sword        |       |       |       |     6 ||     6
 Cast: Magic Dart        |    95 |   150 |   192 |   173 ||   610
       Scorch            |       |     8 |   150 |   265 ||   423
       Searing Ray       |       |     2 |   100 |   103 ||   205
       Call Imp          |       |       |     2 |       ||     2
       Mephitic Cloud    |       |       |     3 |       ||     3
Evoke: Wand              |       |       |       |     1 ||     1
  Use: Scroll            |     6 |     1 |    11 |     7 ||    25
Armor: Robe              |     1 |     2 |     7 |    13 ||    23
Dodge: Dodged            |    29 |    13 |    98 |   126 ||   266
Block: Buckler           |       |       |    10 |    50 ||    60
